 Dungeon Crawl Stone Soup version 0.28-a0-1624-g820543e53a (webtiles) character file.

Game seed: 7361743635070681281

50 arthad the Sneak (level 3, -12/24 HPs)
             Began as a Gargoyle Delver on Jan 24, 2022.
             Blown up by Ijyb (21 damage)
             ... with a mindburst bolt
             ... on level 3 of the Dungeon.
             The game lasted 00:06:34 (2407 turns).

arthad the Sneak (Gargoyle Delver)                  Turns: 2407, Time: 00:06:35

Health: -12/24     AC: 10    Str: 17    XL:     3   Next: 79%
Magic:  3/3        EV: 11    Int: 14    God:
Gold:   103        SH:  0    Dex: 11    Spells: 2/2 levels left

rFire   . . .      SeeInvis .   a - +0 mace
rCold   . . .      Faith    .   (no shield)
rNeg    + . .      Spirit   .   n - +1 ring mail of Minor Irritation {Int+4}
rPois   ∞          Reflect  .   (no helmet)
rElec   +          Harm     .   (no cloak)
rCorr   .          Rampage  .   l - +0 pair of gloves
Will    .....                   (no boots)
Stlth   ++........              (no amulet)
HPRegen 0.08/turn               (no ring)
MPRegen 0.08/turn               (no ring)

@: no status effects
A: sickness immunity, AC +3, negative energy resistance 1, electricity
resistance, torment resistance 1, petrification resistance
a: no special abilities


You were on level 3 of the Dungeon.
You visited 1 branch of the dungeon, and saw 5 of its levels.

You collected 103 gold pieces.

Inventory:

Hand Weapons
 a - a +0 mace (weapon)
Armour
 b - a +0 leather armour
 l - a +0 pair of gloves (worn)
 n - the +1 ring mail of Minor Irritation (worn) {Int+4}
   (You found it on level 3 of the Dungeon)

   Int:       It affects your intelligence (+4).
Jewellery
 m - a ring of fire
Wands
 d - a wand of acid (9)
 g - a wand of digging (3)
Scrolls
 e - a scroll of fear
 h - 3 scrolls of amnesia {unknown}
 i - a scroll of torment {unknown}
 j - 2 scrolls of vulnerability {unknown}
Potions
 f - a potion of haste
 k - a potion of lignification
 o - a potion of mutation {unknown}


   Skills:
 + Level 3.8 Fighting
 + Level 2.6 Maces & Flails
 + Level 1.5 Armour
 + Level 2.0 Dodging
 - Level 5.5 Stealth


You had 2 spell levels left.
You didn't know any spells.
Your spell library was empty.

Dungeon Overview and Level Annotations

Branches:
Dungeon (5/15)
 Temple: D:4-7

Altars:

Annotations:
D:3 Ijyb
D:4 Sigmund


Innate Abilities, Weirdness & Mutations

You are immune to sickness and miasma.
Your stone body is resilient. (AC +3)
You are immune to poison.
You resist negative energy. (rN+)
You are resistant to electric shocks. (rElec)
You are resistant to unholy torment.
You are immune to petrification.


Message History

There is an open door here.
You are too injured to fight recklessly!
You are too injured to fight recklessly!
You are too injured to fight recklessly!
Unknown command.
Okay, then.
As you read the scroll of fog, it crumbles to dust.
The scroll dissolves into smoke.
You close the door.
An orc opens the door.
Okay, then.
Aiming: Corrosive Bolt
Press: ? - help, Shift-Dir - straight line, f - Ijyb
Aim: Ijyb, wielding a +0 club, wearing a +0 leather armour and carrying a wand of mindburst (1) (black smoke, 64% to hit)
The bolt of acid hits Ijyb!
The acid corrodes Ijyb!
Ijyb is moderately wounded.
You hear a shout!
Ijyb screams, "I no like you!"
Unknown command.
Unknown command.
Okay, then.
Unknown command.
Unknown command.
Okay, then.
Unknown command.
Okay, then.
Aiming: Corrosive Bolt
Press: ? - help, Shift-Dir - straight line, f/p - Ijyb
Aim: Ijyb, wielding a +0 club, wearing a +0 leather armour and carrying a wand of mindburst (1) (black smoke, moderately wounded, covered in acid, 64% to hit)
The bolt of acid hits the orc!
The acid corrodes the orc!
You kill the orc!
The bolt of acid misses Ijyb.
Unknown command.
Aiming: Corrosive Bolt
Press: ? - help, Shift-Dir - straight line, f/p - Ijyb
Aim: Ijyb, wielding a +0 club, wearing a +0 leather armour and carrying a wand of mindburst (1) (black smoke, moderately wounded, covered in acid, 64% to hit)
The bolt of acid hits the orc!
The acid corrodes the orc!
You kill the orc!
The bolt of acid misses Ijyb.
Ijyb zaps a wand.
Your mind is blasted!
Ouch! That really hurt!
You die...

#†# #.... #.# #.#.# #.#
##+# # #.#.# #.# #...#
#)##.#.# #.# ....o#
.....# #.# .....§# #.#.##
#.#
....o§§###§...#########..
....g§g§@§§..............
.....§§##§#...######.....
....!§# #.##.## #.###.
.....# #.#### #.# #.
#...# #.# #.# #. ##+# #.#
#.# #. #.# #.# #. #.# #..
.. #.


You could see Ijyb (corroded).

Vanquished Creatures
  A worm (D:2)
  3 orcs
  4 endoplasms
  3 giant cockroaches
  6 goblins
  2 hobgoblins (D:2)
  3 jackals (D:3)
  2 kobolds (D:2)
  2 quokkas
  3 ball pythons
  4 bats
  3 frilled lizards (D:1)
  3 rats (D:1)
39 creatures vanquished.

Notes
Turn   | Place    | Note
-------+----------+-------------------------------------------
     0 | D:5      | arthad the Gargoyle Delver began the quest for the Orb.
     0 | D:5      | Reached XP level 1. HP: 14/14 MP: 1/1
   160 | D:4      | Noticed Sigmund
   488 | D:1      | Reached XP level 2. HP: 19/19 MP: 2/2
   910 | D:1      | Reached skill level 1 in Armour
  1255 | D:2      | Reached XP level 3. HP: 23/23 MP: 3/3
  1746 | D:2      | Found a faded altar of an unknown god.
  2313 | D:3      | Identified the +1 ring mail of Minor Irritation {Int+4}
  2400 | D:3      | Noticed Ijyb
  2407 | D:3      | Blown up by Ijyb

Illustrated notes

Levels and vault maps discovered:
D:1:      lemuel_arrival_broad_hall, layout_rooms, minmay_domino_2
D:2:      layout_loops_cross, shapermc_ecumenical_altar_venn, minivault_19
D:3:      cheibrodos_thug_alley, layout_loops_corners, uniq_ijyb
D:4:      layout_gridville, minmay_cut_off, uniq_sigmund
D:5:      layout_basic

Skill      XL: |  1  2  3 |
---------------+----------+-----
Armour         | 1 |  1.5
Dodging        | 2 |  2.0
Fighting       | |  3.8
Maces & Flails | |  2.6
Stealth        | |  5.5

Action                   || total
-------------------------++-------
Melee: Mace              ||   111
       Punch             ||     4
Evoke: Wand              ||     3
  Use: Scroll            ||     2
       Potion            ||     3
 Stab: Sleeping          ||     8
Armor: Leather armour    ||    36
       Ring mail         ||     3
       Skin              ||     3
Dodge: Dodged            ||    58

Table legend: (Time is in decaauts)
 A = Elapsed time spent in this place.
 B = Non-inter-level travel time spent in this place.
 C = Inter-level travel time spent in this place.
 D = Time resting spent in this place.
 E = Time spent auto-exploring this place.
 F = Levels seen in this place.
 G = Mean time per level.
                   A        B        C        D        E       F      G
               +--------+--------+--------+--------+--------+-----+--------+
         Total |   2439 |   2391 |     48 |    438 |   1368 |   5 |  487.8 |
       Dungeon |   2439 |   2391 |     48 |    438 |   1368 |   5 |  487.8 |
               +--------+--------+--------+--------+--------+-----+--------+

Top non-repeatable levels by time:
     D:2: 1048 daAuts
     D:1: 732 daAuts
     D:3: 477 daAuts
     D:4: 171 daAuts
     D:5: 10 daAuts
